 Dungeon Crawl Stone Soup version 0.32-a0-411-g744942f433 (webtiles) character file.

Game seed: 13018254823158388207

380 Sobieck the Cutter (level 6, -3/48 HPs)
             Began as a Coglin Brigand on Feb 20, 2024.
             Slain by an orc
             ... wielding a +0 mace
              (4 damage)
             ... on level 3 of the Dungeon.
             The game lasted 00:05:19 (2371 turns).

Sobieck the Cutter (Coglin Brigand)                 Turns: 2371, Time: 00:05:20

Health: -3/48      AC:  2    Str: 12    XL:     6   Next: 75%
Magic:  6/6        EV: 13    Int: 10    God:
Gold:   129        SH:  0    Dex: 17    Spells: 5/5 levels left

rFire   + + .        a - +2 dagger {Dalbir}
rCold   . . .        y - +2 dagger (flame) {Ajinder}
rNeg    . . .        b - +0 robe
rPois   .            (no helmet)
rElec   .            g - scarf {shadows}
rCorr   .            (no gloves)
SInv    .            (no boots)
Will    .....        e - amulet of the acrobat
Stlth   ++           f - ring of protection from fire
HPRegen 0.28/turn    w - ring of protection from fire
MPRegen 0.10/turn

%: acrobat
@: immotile, revved
A: off-hand wielding, slow wielding, warmup strikes, legs shutdown
a: no special abilities


You were on level 3 of the Dungeon.
You visited 1 branch of the dungeon, and saw 3 of its levels.

You collected 129 gold pieces.

Inventory:

Hand Weapons
 a - a +2 dagger (weapon) {Dalbir}
 d - a +0 dagger {Osbert}
 y - a +2 dagger of flaming (offhand) {Ajinder}
Missiles
 j - 52 stones
 k - 9 poisoned darts (quivered)
 t - 5 boomerangs
 v - 2 javelins
 F - 3 curare-tipped darts
Armour
 b - a +0 robe (worn)
 c - a +0 cloak
 g - a scarf of shadows (worn)
Jewellery
 e - an amulet of the acrobat (around neck)
 f - a ring of protection from fire (left grasper)
 w - a ring of protection from fire (right grasper)
Scrolls
 h - 5 scrolls of identify {unknown}
 i - a scroll of teleportation {unknown}
 o - a scroll of brand weapon {unknown}
 p - a scroll of acquirement {unknown}
 r - a scroll of immolation {unknown}
 s - a scroll of noise {unknown}
 x - a scroll of poison {unknown}
Potions
 l - 2 potions of curing {unknown}
 m - 3 potions of brilliance {unknown}
 n - a potion of lignification {unknown}
 q - a potion of mutation {unknown}
 u - a potion of enlightenment {unknown}


   Skills:
 + Level 3.8 Fighting
 * Level 4.6 Short Blades
 - Level 1.7 Throwing
 + Level 3.0 Dodging
 - Level 3.2 Stealth


You had 5 spell levels left.
You didn't know any spells.
Your spell library contained the following spells:

 Spells                   Type           Power      Damage    Failure   Level
 Stone Arrow              Conj/Erth      0%         3d7       75%         3
 Animate Armour           Summ/Erth      0%         N/A       98%         4
 Lehudib's Crystal Spear  Conj/Erth      0%         10d2      100%        8


Dungeon Overview and Level Annotations

Branches:
Dungeon (3/15)

Altars:

Annotations:
D:3 1 runed translucent door, Sigmund; zenocrate's ghost, amateur OpDe


Innate Abilities, Weirdness & Mutations

You can wield a second weapon in your off-hand.
It takes a long time for you to wield or remove held weapons.
Your first few attacks do less damage.
Attacking and casting redirects power from your legs.


Message History

You hit the orc but do no damage.
The orc is heavily wounded.
You hit the orc but do no damage. You hit the orc but do no damage.
The orc is heavily wounded.
You hit the orc but do no damage. The orc completely misses you. x2
Unknown command.
You closely miss the orc with your +2 dagger of flaming.
The orc is heavily wounded.
You hit the orc but do no damage. The orc hits you with a +0 mace.
* * * LOW HITPOINT WARNING * * *
The orc completely misses you.
You barely miss the orc with your +2 dagger of flaming.
The orc is heavily wounded.
You hit the orc but do no damage. The orc hits you with a +0 mace.
* * * LOW HITPOINT WARNING * * *
The orc closely misses you.
Unknown command.
You hit the orc but do no damage.
The orc is heavily wounded.
You barely miss the orc with your +2 dagger of flaming.
Unknown command.
You hit the orc but do no damage.
The orc is heavily wounded.
You hit the orc but do no damage. The orc closely misses you.
The orc barely misses you.
Unknown command.
You hit the orc but do no damage.
The orc is heavily wounded.
You hit the orc but do no damage. The orc closely misses you.
The orc barely misses you.
You barely miss the orc with your +2 dagger.
The orc is heavily wounded.
You hit the orc but do no damage.
You barely miss the orc with your +2 dagger of flaming.
The orc is heavily wounded.
You hit the orc but do no damage. The orc misses you.
The orc hits you with a +0 mace.
* * * LOW HITPOINT WARNING * * *
You hit the orc with your +2 dagger of flaming.
You burn the orc.
You kill the orc!
The orc hits you with a +0 mace.
* * * LOW HITPOINT WARNING * * *
Unknown command.
You completely miss the orc with your +2 dagger of flaming.
You hit the orc but do no damage. The rat bites you.
* * * LOW HITPOINT WARNING * * *
The orc hits you with a +0 mace.
You die...

### ##....# ..###.....#
..........###### ...
............... ....
..##....†..#..#####...
....................#
...............# ..##..
.)..........#####r.....
.#.#......#...#.@o.#
.#....##...##†..##.#
.....#####.....## #
.............#....
.#...#.####.###### #
#....# ....#### ... ..
... ...#.# ..#..# ###


You could see an orc and a rat.

Vanquished Creatures
  A phantom (D:3)
  2 bombardier beetles (D:3)
  A hound (D:3)
  Natasha (twice) (D:2)
  3 gnolls
  2 adders (D:2)
  2 dart slugs (D:2)
  2 ribbon worms
  4 orcs (D:3)
  6 endoplasms
  2 giant cockroaches (D:2)
  6 goblins
  A hobgoblin (D:1)
  3 jackals (D:2)
  5 kobolds
  4 quokkas
  5 ball pythons
  4 bats
  4 frilled lizards
  2 rats (D:1)
61 creatures vanquished.

Notes
Turn   | Place    | Note
-------+----------+-------------------------------------------
     0 | D:1      | Sobieck the Coglin Brigand began the quest for the Orb.
     0 | D:1      | Reached XP level 1. HP: 16/16 MP: 1/1
    27 | D:1      | Reached skill level 2 in Short Blades
    27 | D:1      | Reached skill level 1 in Dodging
    88 | D:1      | Reached XP level 2. HP: 20/22 MP: 2/2
   418 | D:1      | Reached XP level 3. HP: 23/28 MP: 3/3
  1074 | D:2      | Noticed Natasha
  1083 | D:2      | Killed Natasha
  1084 | D:2      | Reached skill level 3 in Short Blades
  1084 | D:2      | Reached XP level 4. HP: 34/34 MP: 4/4
  1462 | D:2      | Reached skill level 3 in Fighting
  1462 | D:2      | Reached XP level 5. HP: 41/41 MP: 5/5
  1913 | D:3      | Found a runed translucent gate.
  1917 | D:3      | Noticed zenocrate's ghost (amateur OpDe)
  1981 | D:3      | Noticed Sigmund
  1993 | D:2      | Noticed Natasha
  1999 | D:2      | Killed Natasha
  2000 | D:2      | Reached skill level 4 in Short Blades
  2063 | D:3      | Noticed a phantom
  2079 | D:3      | Killed a phantom
  2080 | D:3      | Reached XP level 6. HP: 28/47 MP: 6/6
  2344 | D:3      | Reached skill level 3 in Dodging
  2370 | D:3      | HP: 2/48 [orc/+0 mace (5)]
  2371 | D:3      | Slain by an orc

Illustrated notes

Levels and vault maps discovered:
D:1:      amcnicky_arrival_choice, layout_basic
D:2:      layout_basic, uniq_natasha
D:3:      layout_rooms, gammafunk_ghost_split, uniq_sigmund

Skill      XL: |  1  2  3  4  5  6 |
---------------+-------------------+-----
Short Blades   | 2 3 4 |  4.6
Dodging        | 1 2 3 |  3.0
Fighting       | 3 |  3.8
Throwing       | |  1.7
Stealth        | |  3.2

Action                     |  1- 3 |  4- 6 || total
---------------------------+-------+-------++-------
  Melee: Dagger            |    92 |   292 ||   384
  Throw: Dart              |       |     2 ||     2
         Stone             |       |     1 ||     1
   Stab: Sleeping          |     7 |     4 ||    11
 Armour: Robe              |    30 |    75 ||   105
  Dodge: Dodged            |    27 |    99 ||   126

Table legend: (Time is in decaauts)
 A = Elapsed time spent in this place.
 B = Non-inter-level travel time spent in this place.
 C = Inter-level travel time spent in this place.
 D = Time resting spent in this place.
 E = Time spent auto-exploring this place.
 F = Levels seen in this place.
 G = Mean time per level.
                   A        B        C        D        E       F      G
               +--------+--------+--------+--------+--------+-----+--------+
         Total |   2335 |   2265 |     70 |    364 |   1344 |   3 |  778.3 |
       Dungeon |   2335 |   2265 |     70 |    364 |   1344 |   3 |  778.3 |
               +--------+--------+--------+--------+--------+-----+--------+

Top non-repeatable levels by time:
     D:2: 1234 daAuts
     D:1: 751 daAuts
     D:3: 350 daAuts
